Capitals vs Blue Jackets
Created - 25 mars 2017 at 19:24
Goals
|
| Capitals |
1 |
1 |
2 |
0 |
1 |
5 |
| Blue Jackets |
1 |
1 |
2 |
0 |
0 |
4 |
|
Shots
|
| Capitals |
13 |
13 |
20 |
0 |
3 |
46 |
| Blue Jackets |
4 |
4 |
23 |
0 |
3 |
31 |
|
1st period
1. Blue Jackets , Martin Havlat 30 (Mike Lundin) at 10:11 (PP)
2. Capitals , Jarome Iginla 30 (Ondrej Palat, Tyler Seguin) at 10:21
Penalties :
Mike Lundin (Clb) for Holding (Minor) at 0:19, Jarome Iginla (Was) for Hooking (Minor) at 9:58, Tom Preissing (Was) for Slashing (Minor) at 12:02, Jarome Iginla (Was) for Hooking (Minor) at 18:33
2nd period
3. Blue Jackets , Jeff Taffe 6 (Cory Emmerton, Jason Ward) at 11:23
4. Capitals , Jarome Iginla 31 (Erik Karlsson, Chris Phillips) at 19:00
Penalties :
Jan Bulis (Clb) for Slashing (Minor) at 5:41, Kevin Bieksa (Clb) for High sticking (Minor) at 8:46, Mike Lundin (Clb) for Roughing (Minor) at 12:29
3rd period
5. Blue Jackets , Martin Havlat 31 (Kevin Bieksa, Jan Bulis) at 3:16
6. Capitals , Joe Thornton 14 (Marek Zidlicky, Daniel Briere) at 5:49 (PP)
7. Blue Jackets , François Beauchemin 7 (Marcus Nilson, Martin Havlat) at 9:21 (PP)
8. Capitals , Joe Thornton 15 (Mark Giordano) at 16:01
Penalties :
Jarome Iginla (Was) for Interference (Minor) at 0:03, Mike Lundin (Clb) for Hooking (Minor) at 5:15, Patrick Marleau (Was) for Tripping (Minor) at 8:27, Tyler Seguin (Was) for Tripping (Minor) at 9:56
Overtime #1
No Goal
Penalties :
No Penalty
Shootout
Penalty Shot by Joe Thornton for Capitals - Stopped by Rick DiPietro
Penalty Shot by Pavel Datsyuk for Blue Jackets - Stopped by Jonas Gustavsson
Penalty Shot by Daniel Briere for Capitals - Goal!
Penalty Shot by Patric Hornqvist for Blue Jackets - Shot Misses the Net
Penalty Shot by Jarome Iginla for Capitals - Stopped by Rick DiPietro
Penalty Shot by David Booth for Blue Jackets - Stopped by Jonas Gustavsson
Penalties :
No Penalty
Goalie Stats
Jonas Gustavsson (Was), 27 saves from 31 shots - (0,871), W, 10-6-1, 65:00 minutes
Rick DiPietro (Clb), 42 saves from 46 shots - (0,913), OTL, 25-22-6, 65:00 minutes
Players Stats for Capitals
Player Name G A P +/- PIM S H SB GA TA FO MP PP MP PK MP
------------------------------------------------------------------------------------
Brian Boyle 0 0 0 0 0 4 1 0 0 0 3/5 11:05 0:00 1:53
Chris Phillips 0 1 1 1 0 2 0 6 0 2 0/0 32:12 5:22 6:31
Daniel Briere 0 1 1 -1 0 1 2 1 1 0 5/6 21:37 3:46 5:43
Erik Cole 0 0 0 -1 0 1 2 0 0 0 0/1 8:24 0:00 0:00
Erik Karlsson 0 1 1 1 0 4 0 2 0 1 0/0 16:01 0:00 0:44
Jamie Langenbrunner 0 0 0 0 0 2 0 0 1 0 0/0 8:00 0:00 0:00
Jarome Iginla 2 0 2 2 6 11 2 1 1 0 3/4 20:52 4:44 1:24
Joe Thornton 2 0 2 0 0 3 0 0 0 0 13/28 23:41 3:46 5:42
Marek Zidlicky 0 1 1 0 0 1 3 0 1 2 0/0 20:49 3:08 2:54
Mark Giordano 0 1 1 0 0 1 0 1 0 0 0/0 12:38 0:00 0:00
Mike Hoffman 0 0 0 0 0 0 0 0 0 0 0/0 7:48 0:00 0:00
Ondrej Palat 0 1 1 2 0 3 1 0 0 0 0/0 19:20 4:36 0:48
Patrick Marleau 0 0 0 0 2 0 0 0 1 0 0/0 17:39 3:46 2:32
Ryan Callahan 0 0 0 0 0 1 2 0 0 0 0/1 12:40 0:08 0:00
Shane Doan 0 0 0 -1 0 5 0 0 1 0 0/0 10:06 0:00 0:00
Tom Preissing 0 0 0 0 2 2 0 2 0 1 0/0 19:20 3:08 1:48
Tyler Seguin 0 1 1 2 2 3 2 0 0 0 24/34 19:23 4:44 0:04
Zdeno Chara 0 0 0 0 0 2 0 1 0 1 0/0 29:16 5:22 6:09
Players Stats for Blue Jackets
Player Name G A P +/- PIM S H SB GA TA FO MP PP MP PK MP
------------------------------------------------------------------------------------
A.J Thelen 0 0 0 0 0 1 2 0 0 0 0/0 13:34 0:00 3:42
Andreas Nodl 0 0 0 0 0 5 0 1 0 1 1/1 9:23 0:00 0:00
Branislav Mezei 0 0 0 -1 0 1 4 1 1 3 0/0 32:20 5:41 5:03
Cory Emmerton 0 1 1 1 0 2 0 0 0 0 2/3 6:33 0:00 0:00
Dave Steckel 0 0 0 0 0 0 0 0 0 0 3/7 11:16 0:00 0:18
David Booth 0 0 0 -2 0 2 1 0 0 0 3/6 24:38 4:54 3:16
François Beauchemin 1 0 1 0 0 1 1 2 0 1 0/0 22:48 3:22 3:27
Jan Bulis 0 1 1 0 2 1 0 0 0 0 7/12 15:18 4:09 0:00
Jason Ward 0 1 1 1 0 1 1 0 0 0 0/0 6:39 0:00 0:00
Jeff Taffe 1 0 1 1 0 1 2 0 0 0 1/1 9:10 0:00 1:24
Kevin Bieksa 0 1 1 0 2 0 1 1 1 1 0/0 21:54 3:22 2:31
Marcus Nilson 0 1 1 0 0 3 1 0 0 0 0/1 14:58 4:09 0:00
Martin Havlat 2 1 3 0 0 5 2 0 1 0 0/0 19:11 4:09 2:40
Mike Commodore 0 0 0 0 0 0 0 0 0 0 0/0 9:41 0:00 0:00
Mike Lundin 0 1 1 -1 6 2 0 1 4 0 0/0 30:05 5:41 2:17
Mike York 0 0 0 0 0 1 2 0 0 0 0/0 11:02 0:00 0:00
Patric Hornqvist 0 0 0 -2 0 4 0 0 0 0 0/0 26:31 4:54 4:45
Pavel Datsyuk 0 0 0 -2 0 1 0 1 0 0 14/48 26:24 4:54 4:37
3 Stars
1 - Martin Havlat (Clb)
2 - Joe Thornton (Was)
3 - Jarome Iginla (Was)
Power Play
Capitals - 1 on 5 Attempt(s) - 20,00%
Blue Jackets - 2 on 6 Attempt(s) - 33,33%
Penalty Kill
Capitals - 4 on 6 Attempt(s) - 66,67%
- Score 0 goal in Penalty Kill
Blue Jackets - 4 on 5 Attempt(s) - 80,00%
- Score 0 goal in Penalty Kill
Team Stat
Capitals - Hits : 15 - Faceoff Wins : 48 - Blocked Shots : 14 - Penalty Minutes : 12
Blue Jackets - Hits : 17 - Faceoff Wins : 31 - Blocked Shots : 7 - Penalty Minutes : 10
Official
Referees : McCreary Bill and Devorski Paul
Linesman : Brian Murphy and Tim Nowak
Game Notes
No Game Note
Finance
Level 1 -- Attendance: 4213 (70,22%) -- Ticket Income 379 170 $
Level 2 -- Attendance: 3762 (75,24%) -- Ticket Income 206 910 $
Level 3 -- Attendance: 2000 (100,00%) -- Ticket Income 60 000 $
Level 4 -- Attendance: 3919 (97,98%) -- Ticket Income 78 380 $
Luxury Box -- Attendance: 656 (65,60%) -- Ticket Income 121 360 $
Game was played at the Ohio State Arena.
Total Attendance: 14550 (80,83%)
Total Ticket Income: 845 820 $
Other Income: 126 873 $
Total Income: 972 693 $
Capitals
5 vs 5 Forward
Center Left Wing Right Wing Time % Phy DF OF
1 Tyler Seguin Ondrej Palat Jarome Iginla 40 1 2 2
2 Joe Thornton Patrick Marleau Ryan Callahan 30 1 2 2
3 Daniel Briere Erik Cole Shane Doan 20 1 2 2
4 Brian Boyle Mike Hoffman Jamie Langenbrunner 10 1 2 2
5 vs 5 Defense
Defense Defense Time % Phy DF OF
1 Chris Phillips Erik Karlsson 40 1 2 2
2 Marek Zidlicky Zdeno Chara 30 1 2 2
3 Mark Giordano Tom Preissing 20 1 2 2
4 Chris Phillips Zdeno Chara 10 1 2 2
PowerPlay Forward
Center Left Wing Right Wing Time % Phy DF OF
1 Tyler Seguin Ondrej Palat Jarome Iginla 60 1 2 2
2 Joe Thornton Patrick Marleau Daniel Briere 40 1 2 2
PowerPlay Defense
Defense Defense Time % Phy DF OF
1 Chris Phillips Zdeno Chara 60 1 2 2
2 Marek Zidlicky Tom Preissing 40 1 2 2
Penalty Kill 4 Players Forward
Center Wing Time % Phy DF OF
1 Joe Thornton Daniel Briere 60 1 2 2
2 Jarome Iginla Patrick Marleau 40 1 2 2
Penalty Kill 4 Players Defense
Defense Defense Time % Phy DF OF
1 Chris Phillips Zdeno Chara 60 1 2 2
2 Marek Zidlicky Tom Preissing 40 1 2 2
Penalty Kill - 3 Players Forward
Forward Time % Phy DF OF
1 Joe Thornton 60 1 2 2
2 Daniel Briere 40 1 2 2
Penalty Kill - 3 Players Defense
Defense Defense Time % Phy DF OF
1 Chris Phillips Zdeno Chara 60 1 2 2
2 Marek Zidlicky Tom Preissing 40 1 2 2
4 vs 4 Forward
Center Wing Time % Phy DF OF
1 Joe Thornton Daniel Briere 60 1 2 2
2 Jarome Iginla Patrick Marleau 40 1 2 2
4 vs 4 Defense
Defense Defense Time % Phy DF OF
1 Chris Phillips Zdeno Chara 60 1 2 2
2 Marek Zidlicky Tom Preissing 40 1 2 2
Last Minutes Offensive
Center Left Wing Right Wing Defense Defense
Joe Thornton Patrick Marleau Jarome Iginla Chris Phillips Zdeno Chara
Last Minutes Defensive
Center Left Wing Right Wing Defense Defense
Joe Thornton Patrick Marleau Jarome Iginla Chris Phillips Zdeno Chara
Goaltenders
Starting : Jonas Gustavsson
Backup : Niklas Treutle
Extra Forwards
Normal : Ryan Callahan, Shane Doan, Brian Boyle - PP : Ryan Callahan, Shane Doan - PK : Brian Boyle
Extra Defensemen
Normal : Mark Giordano, Erik Karlsson, Marek Zidlicky - PP : Mark Giordano - PK : Erik Karlsson, Marek Zidlicky
Penalty Shots
Joe Thornton, Daniel Briere, Jarome Iginla, Patrick Marleau, Jamie Langenbrunner
Blue Jackets
5 vs 5 Forward
Center Left Wing Right Wing Time % Phy DF OF
1 Pavel Datsyuk David Booth Patric Hornqvist 40 1 2 2
2 Jan Bulis Marcus Nilson Martin Havlat 30 1 2 2
3 Dave Steckel Mike York Andreas Nodl 20 1 2 2
4 Cory Emmerton Jeff Taffe Jason Ward 10 1 2 2
5 vs 5 Defense
Defense Defense Time % Phy DF OF
1 Branislav Mezei Mike Lundin 40 1 2 2
2 Kevin Bieksa François Beauchemin 30 1 2 2
3 Mike Commodore A.J Thelen 20 1 2 2
4 Branislav Mezei Mike Lundin 10 1 2 2
PowerPlay Forward
Center Left Wing Right Wing Time % Phy DF OF
1 Pavel Datsyuk David Booth Patric Hornqvist 60 1 2 2
2 Jan Bulis Marcus Nilson Martin Havlat 40 1 2 2
PowerPlay Defense
Defense Defense Time % Phy DF OF
1 Branislav Mezei Mike Lundin 60 1 2 2
2 Kevin Bieksa François Beauchemin 40 1 2 2
Penalty Kill 4 Players Forward
Center Wing Time % Phy DF OF
1 Pavel Datsyuk Patric Hornqvist 60 1 2 2
2 David Booth Martin Havlat 40 1 2 2
Penalty Kill 4 Players Defense
Defense Defense Time % Phy DF OF
1 Branislav Mezei Mike Lundin 60 1 2 2
2 Kevin Bieksa François Beauchemin 40 1 2 2
Penalty Kill - 3 Players Forward
Forward Time % Phy DF OF
1 Pavel Datsyuk 60 1 2 2
2 Patric Hornqvist 40 1 2 2
Penalty Kill - 3 Players Defense
Defense Defense Time % Phy DF OF
1 Branislav Mezei Mike Lundin 60 1 2 2
2 Kevin Bieksa François Beauchemin 40 1 2 2
4 vs 4 Forward
Center Wing Time % Phy DF OF
1 Pavel Datsyuk Patric Hornqvist 60 1 2 2
2 David Booth Martin Havlat 40 1 2 2
4 vs 4 Defense
Defense Defense Time % Phy DF OF
1 Branislav Mezei Mike Lundin 60 1 2 2
2 Kevin Bieksa François Beauchemin 40 1 2 2
Last Minutes Offensive
Center Left Wing Right Wing Defense Defense
Pavel Datsyuk David Booth Patric Hornqvist Branislav Mezei Mike Lundin
Last Minutes Defensive
Center Left Wing Right Wing Defense Defense
Pavel Datsyuk David Booth Patric Hornqvist Branislav Mezei Mike Lundin
Goaltenders
Starting : Rick DiPietro
Backup : Niklas Backstrom
Extra Forwards
Normal : Mike York, Dave Steckel, Jeff Taffe - PP : Mike York, Dave Steckel - PK : Jeff Taffe
Extra Defensemen
Normal : Mike Commodore, A.J Thelen, Kevin Bieksa - PP : Mike Commodore - PK : A.J Thelen, Kevin Bieksa
Penalty Shots
Pavel Datsyuk, Patric Hornqvist, David Booth, Martin Havlat, Marcus Nilson
% Time on Ice - Capitals
Lines # - Real PCT - Wanted PCT - Time Play
Normal Forward
1 - 37% - 40% - 15:53
2 - 25% - 30% - 10:26
3 - 20% - 20% - 8:20
4 - 18% - 10% - 7:48
Normal Defense
1 - 41% - 40% - 17:29
2 - 28% - 30% - 11:52
3 - 29% - 20% - 12:06
4 - 2% - 10% - 1:00
PP Forward
1 - 56% - 60% - 4:44
2 - 44% - 40% - 3:46
PP Defense
1 - 63% - 60% - 5:22
2 - 37% - 40% - 3:08
PK Forward
1 - 72% - 60% - 6:31
2 - 28% - 40% - 2:32
PK Defense
1 - 68% - 60% - 6:09
2 - 32% - 40% - 2:54
PK3 Forward
1 - 0% - 60%
2 - 0% - 40%
PK3 Defense
1 - 0% - 60%
2 - 0% - 40%
44 Forward
1 - 81% - 60% - 4:04
2 - 19% - 40% - 0:56
44 Defense
1 - 54% - 60% - 2:43
2 - 46% - 40% - 2:17
Last Minute Offensive - 0:00
Last Minute Defensive - 0:00
Total
Forward - 65:00
Defense - 65:00
|
% Time on Ice - Blue Jackets
Lines # - Real PCT - Wanted PCT - Time Play
Normal Forward
1 - 36% - 40% - 15:16
2 - 27% - 30% - 11:15
3 - 22% - 20% - 9:23
4 - 15% - 10% - 6:33
Normal Defense
1 - 44% - 40% - 18:52
2 - 32% - 30% - 13:40
3 - 22% - 20% - 9:25
4 - 1% - 10% - 0:30
PP Forward
1 - 54% - 60% - 4:54
2 - 46% - 40% - 4:09
PP Defense
1 - 63% - 60% - 5:41
2 - 37% - 40% - 3:22
PK Forward
1 - 69% - 60% - 5:50
2 - 31% - 40% - 2:40
PK Defense
1 - 65% - 60% - 5:29
2 - 35% - 40% - 3:01
PK3 Forward
1 - 0% - 60%
2 - 0% - 40%
PK3 Defense
1 - 0% - 60%
2 - 0% - 40%
44 Forward
1 - 78% - 60% - 3:53
2 - 22% - 40% - 1:07
44 Defense
1 - 48% - 60% - 2:25
2 - 52% - 40% - 2:35
Last Minute Offensive - 0:00
Last Minute Defensive - 0:00
Total
Forward - 65:00
Defense - 65:00
|
Play by Play
1st period
0:01 of 1st period - Tyler Seguin wins face-off versus Pavel Datsyuk in neutral zone.
0:19 of 1st period - Minor Penalty to Mike Lundin for Holding.
0:20 of 1st period - Tyler Seguin wins face-off versus Pavel Datsyuk in Blue Jackets zone.
2:19 of 1st period - Penalty to Mike Lundin is over, Mike Lundin is back on ice.
2:46 of 1st period - Slapshot by Shane Doan.
2:46 of 1st period - Shot Misses the Net.
3:06 of 1st period - Snap shot by Cory Emmerton.
3:06 of 1st period - Shot Misses the Net.
3:50 of 1st period - Tyler Seguin is hit by A.J Thelen and loses puck.
4:23 of 1st period - Backhand shot by Brian Boyle.
4:23 of 1st period - Shot Misses the Net.
4:53 of 1st period - François Beauchemin is hit by Marek Zidlicky and loses puck.
6:08 of 1st period - Brian Boyle is hit by Jeff Taffe and loses puck.
6:44 of 1st period - Wrist shot by Patric Hornqvist.
6:44 of 1st period - Shot Blocked by Jarome Iginla.
6:56 of 1st period - Snap shot by Ondrej Palat.
6:56 of 1st period - Shot Misses the Net.
6:58 of 1st period - Slapshot by Zdeno Chara.
6:58 of 1st period - Stopped by Rick DiPietro with a rebound.
7:00 of 1st period - Wrist shot by Jarome Iginla.
7:00 of 1st period - Stopped by Rick DiPietro without a rebound.
7:01 of 1st period - Jan Bulis wins face-off versus Joe Thornton in Blue Jackets zone.
7:01 of 1st period - Jan Bulis is hit by Ryan Callahan.
8:03 of 1st period - Snap shot by Jason Ward.
8:03 of 1st period - Stopped by Jonas Gustavsson with a rebound.
8:42 of 1st period - Off-side.
8:43 of 1st period - Pavel Datsyuk wins face-off versus Joe Thornton in neutral zone.
9:14 of 1st period - Erik Cole is hit by David Booth.
9:39 of 1st period - Wrist shot by David Booth.
9:39 of 1st period - Deflect By Pavel Datsyuk.
9:39 of 1st period - Shot Misses the Net.
9:39 of 1st period - Puck is out of play.
9:40 of 1st period - Jan Bulis wins face-off versus Tyler Seguin in Capitals zone.
9:41 of 1st period - Wrist shot by Marcus Nilson.
9:41 of 1st period - Shot Misses the Net.
9:58 of 1st period - Minor Penalty to Jarome Iginla for Hooking.
9:59 of 1st period - Joe Thornton wins face-off versus Jan Bulis in Capitals zone.
10:09 of 1st period - Slapshot by Martin Havlat.
10:09 of 1st period - Shot Blocked by Chris Phillips.
10:11 of 1st period - Wrist shot by Martin Havlat.
10:11 of 1st period - Goal by Martin Havlat - Capitals : 0 - Blue Jackets : 1.
10:12 of 1st period - Tyler Seguin wins face-off versus Pavel Datsyuk in neutral zone.
10:17 of 1st period - Snap shot by Jarome Iginla.
10:17 of 1st period - Stopped by Rick DiPietro with a rebound.
10:19 of 1st period - Snap shot by Jarome Iginla.
10:19 of 1st period - Deflect By Pavel Datsyuk.
10:19 of 1st period - Stopped by Rick DiPietro with a rebound.
10:21 of 1st period - Snap shot by Jarome Iginla.
10:21 of 1st period - Deflect By Branislav Mezei.
10:21 of 1st period - Goal by Jarome Iginla - Capitals : 1 - Blue Jackets : 1.
10:22 of 1st period - Joe Thornton wins face-off versus Pavel Datsyuk in neutral zone.
10:25 of 1st period - Snap shot by Joe Thornton.
10:25 of 1st period - Stopped by Rick DiPietro with a rebound.
10:27 of 1st period - Snap shot by Patrick Marleau.
10:27 of 1st period - Shot Blocked by Pavel Datsyuk.
10:59 of 1st period - Slapshot by Jarome Iginla.
10:59 of 1st period - Shot Misses the Net.
11:09 of 1st period - Snap shot by Daniel Briere.
11:09 of 1st period - Shot Blocked by François Beauchemin.
11:11 of 1st period - Slapshot by Erik Karlsson.
11:11 of 1st period - Shot Misses the Net.
11:13 of 1st period - Slapshot by Erik Cole.
11:13 of 1st period - Stopped by Rick DiPietro without a rebound.
11:14 of 1st period - Joe Thornton wins face-off versus Dave Steckel in Blue Jackets zone.
11:29 of 1st period - Snap shot by Patrick Marleau.
11:29 of 1st period - Shot Misses the Net.
12:02 of 1st period - Minor Penalty to Tom Preissing for Slashing.
12:03 of 1st period - Joe Thornton wins face-off versus Pavel Datsyuk in Capitals zone.
12:13 of 1st period - Wrist shot by Patric Hornqvist.
12:13 of 1st period - Shot Blocked by Chris Phillips.
14:02 of 1st period - Penalty to Tom Preissing is over, Tom Preissing is back on ice.
14:24 of 1st period - Snap shot by Jarome Iginla.
14:24 of 1st period - Stopped by Rick DiPietro without a rebound.
14:25 of 1st period - Tyler Seguin wins face-off versus Dave Steckel in Blue Jackets zone.
14:32 of 1st period - Snap shot by Ondrej Palat.
14:32 of 1st period - Shot Misses the Net.
14:34 of 1st period - Slapshot by Tom Preissing.
14:34 of 1st period - Deflect By A.J Thelen.
14:34 of 1st period - Stopped by Rick DiPietro with a rebound.
14:50 of 1st period - Tom Preissing is hit by Jason Ward and loses puck.
15:03 of 1st period - Wrist shot by Jamie Langenbrunner.
15:03 of 1st period - Stopped by Rick DiPietro with a rebound.
15:05 of 1st period - Slapshot by Tom Preissing.
15:05 of 1st period - Shot Blocked by Kevin Bieksa.
15:07 of 1st period - Wrist shot by Jamie Langenbrunner.
15:07 of 1st period - Stopped by Rick DiPietro without a rebound.
15:08 of 1st period - Brian Boyle wins face-off versus David Booth in Blue Jackets zone.
15:18 of 1st period - Off-side.
15:19 of 1st period - Pavel Datsyuk wins face-off versus Tyler Seguin in neutral zone.
16:12 of 1st period - Backhand shot by Shane Doan.
16:12 of 1st period - Stopped by Rick DiPietro without a rebound.
16:13 of 1st period - Daniel Briere wins face-off versus Pavel Datsyuk in Blue Jackets zone.
16:44 of 1st period - Snap shot by Daniel Briere.
16:44 of 1st period - Deflect By Shane Doan.
16:44 of 1st period - Stopped by Rick DiPietro without a rebound.
16:45 of 1st period - Jarome Iginla wins face-off versus Jan Bulis in Blue Jackets zone.
17:37 of 1st period - Jamie Langenbrunner is hit by Kevin Bieksa and loses puck.
17:56 of 1st period - Cory Emmerton is hit by Erik Cole and loses puck.
18:03 of 1st period - Wrist shot by Daniel Briere.
18:03 of 1st period - Shot Misses the Net.
18:33 of 1st period - Minor Penalty to Jarome Iginla for Hooking.
18:34 of 1st period - Pavel Datsyuk wins face-off versus Joe Thornton in Capitals zone.
18:47 of 1st period - Snap shot by Patric Hornqvist.
18:47 of 1st period - Shot Misses the Net.
18:49 of 1st period - Slapshot by Mike Lundin.
18:49 of 1st period - Stopped by Jonas Gustavsson with a rebound.
18:51 of 1st period - Snap shot by David Booth.
18:51 of 1st period - Stopped by Jonas Gustavsson without a rebound.
18:52 of 1st period - Jan Bulis wins face-off versus Joe Thornton in Capitals zone.
19:38 of 1st period - Off-side.
19:39 of 1st period - Joe Thornton wins face-off versus David Booth in neutral zone.
Goals for this period are 1 for Capitals vs 1 for Blue Jackets.
Shots for this period are 13 for Capitals vs 4 for Blue Jackets.
2nd period
0:01 of 2nd period - Joe Thornton wins face-off versus David Booth in neutral zone.
0:33 of 2nd period - Penalty to Jarome Iginla is over, Jarome Iginla is back on ice.
1:17 of 2nd period - Snap shot by Brian Boyle.
1:17 of 2nd period - Shot Blocked by François Beauchemin.
1:21 of 2nd period - Snap shot by Brian Boyle.
1:21 of 2nd period - Stopped by Rick DiPietro without a rebound.
1:22 of 2nd period - Tyler Seguin wins face-off versus Pavel Datsyuk in Blue Jackets zone.
2:01 of 2nd period - Mike Commodore is hit by Jarome Iginla and loses puck.
2:12 of 2nd period - Wrist shot by Cory Emmerton.
2:12 of 2nd period - Shot Misses the Net.
2:14 of 2nd period - Snap shot by Jason Ward.
2:14 of 2nd period - Deflect By Cory Emmerton.
2:14 of 2nd period - Shot Misses the Net.
2:14 of 2nd period - Puck is out of play.
2:15 of 2nd period - Cory Emmerton wins face-off versus Brian Boyle in Capitals zone.
2:18 of 2nd period - Wrist shot by Jeff Taffe.
2:18 of 2nd period - Shot Misses the Net.
3:19 of 2nd period - Wrist shot by Brian Boyle.
3:19 of 2nd period - Stopped by Rick DiPietro without a rebound.
3:20 of 2nd period - Joe Thornton wins face-off versus Pavel Datsyuk in Blue Jackets zone.
3:25 of 2nd period - Snap shot by Ryan Callahan.
3:25 of 2nd period - Stopped by Rick DiPietro with a rebound.
4:11 of 2nd period - Andreas Nodl is hit by Marek Zidlicky and loses puck.
4:30 of 2nd period - Slapshot by Jarome Iginla.
4:30 of 2nd period - Shot Misses the Net.
4:36 of 2nd period - Tyler Seguin is hit by A.J Thelen and loses puck.
5:21 of 2nd period - Slapshot by Erik Karlsson.
5:21 of 2nd period - Deflect By Jamie Langenbrunner.
5:21 of 2nd period - Shot Misses the Net.
5:21 of 2nd period - Puck is out of play.
5:22 of 2nd period - Pavel Datsyuk wins face-off versus Brian Boyle in Blue Jackets zone.
5:37 of 2nd period - Slapshot by Chris Phillips.
5:37 of 2nd period - Deflect By Mike Hoffman.
5:37 of 2nd period - Shot Blocked by Branislav Mezei.
5:37 of 2nd period - Puck is out of play.
5:38 of 2nd period - Jan Bulis wins face-off versus Tyler Seguin in Blue Jackets zone.
5:38 of 2nd period - Jan Bulis is hit by Tyler Seguin.
5:41 of 2nd period - Minor Penalty to Jan Bulis for Slashing.
5:42 of 2nd period - Tyler Seguin wins face-off versus Pavel Datsyuk in Blue Jackets zone.
7:41 of 2nd period - Penalty to Jan Bulis is over, Jan Bulis is back on ice.
7:49 of 2nd period - A.J Thelen is hit by Brian Boyle and loses puck.
8:46 of 2nd period - Minor Penalty to Kevin Bieksa for High sticking.
8:47 of 2nd period - Pavel Datsyuk wins face-off versus Tyler Seguin in Blue Jackets zone.
9:11 of 2nd period - Wrist shot by Martin Havlat.
9:11 of 2nd period - Shot Misses the Net.
9:13 of 2nd period - Slapshot by A.J Thelen.
9:13 of 2nd period - Deflect By David Booth.
9:13 of 2nd period - Shot Blocked by Chris Phillips.
9:13 of 2nd period - Puck is out of play.
9:14 of 2nd period - Joe Thornton wins face-off versus Pavel Datsyuk in Capitals zone.
9:24 of 2nd period - Off-side.
9:25 of 2nd period - Pavel Datsyuk wins face-off versus Tyler Seguin in neutral zone.
9:36 of 2nd period - Snap shot by Jarome Iginla.
9:36 of 2nd period - Shot Blocked by Mike Lundin.
9:49 of 2nd period - Icing by Zdeno Chara.
9:50 of 2nd period - David Booth wins face-off versus Joe Thornton in Capitals zone.
9:59 of 2nd period - Slapshot by David Booth.
9:59 of 2nd period - Deflect By Martin Havlat.
9:59 of 2nd period - Shot Blocked by Zdeno Chara.
9:59 of 2nd period - Puck is out of play.
10:00 of 2nd period - Pavel Datsyuk wins face-off versus Tyler Seguin in Capitals zone.
10:33 of 2nd period - Patrick Marleau is hit by Branislav Mezei and loses puck.
10:46 of 2nd period - Penalty to Kevin Bieksa is over, Kevin Bieksa is back on ice.
10:56 of 2nd period - Wrist shot by Andreas Nodl.
10:56 of 2nd period - Shot Blocked by Tom Preissing.
11:16 of 2nd period - Mark Giordano is hit by Jeff Taffe and loses puck.
11:23 of 2nd period - Snap shot by Jeff Taffe.
11:23 of 2nd period - Goal by Jeff Taffe - Capitals : 1 - Blue Jackets : 2.
11:24 of 2nd period - Jarome Iginla wins face-off versus Pavel Datsyuk in neutral zone.
11:29 of 2nd period - Wrist shot by Jarome Iginla.
11:29 of 2nd period - Deflect By Ondrej Palat.
11:29 of 2nd period - Stopped by Rick DiPietro without a rebound.
11:30 of 2nd period - Tyler Seguin wins face-off versus Pavel Datsyuk in Blue Jackets zone.
11:37 of 2nd period - Wrist shot by Jarome Iginla.
11:37 of 2nd period - Stopped by Rick DiPietro with a rebound.
11:39 of 2nd period - Wrist shot by Chris Phillips.
11:39 of 2nd period - Stopped by Rick DiPietro without a rebound.
11:40 of 2nd period - Tyler Seguin wins face-off versus Pavel Datsyuk in Blue Jackets zone.
11:45 of 2nd period - Slapshot by Jarome Iginla.
11:45 of 2nd period - Stopped by Rick DiPietro without a rebound.
11:46 of 2nd period - Tyler Seguin wins face-off versus Pavel Datsyuk in Blue Jackets zone.
11:47 of 2nd period - Wrist shot by Ondrej Palat.
11:47 of 2nd period - Stopped by Rick DiPietro with a rebound.
11:50 of 2nd period - Icing by Branislav Mezei.
11:51 of 2nd period - Pavel Datsyuk wins face-off versus Tyler Seguin in Blue Jackets zone.
12:05 of 2nd period - Jarome Iginla is hit by Branislav Mezei and loses puck.
12:29 of 2nd period - Minor Penalty to Mike Lundin for Roughing.
12:30 of 2nd period - Tyler Seguin wins face-off versus Pavel Datsyuk in Blue Jackets zone.
13:28 of 2nd period - Off-side.
13:29 of 2nd period - David Booth wins face-off versus Tyler Seguin in neutral zone.
13:54 of 2nd period - A.J Thelen is hit by Daniel Briere and loses puck.
14:29 of 2nd period - Penalty to Mike Lundin is over, Mike Lundin is back on ice.
14:51 of 2nd period - Snap shot by David Booth.
14:51 of 2nd period - Stopped by Jonas Gustavsson without a rebound.
14:52 of 2nd period - Dave Steckel wins face-off versus Joe Thornton in Capitals zone.
14:53 of 2nd period - Snap shot by Mike York.
14:53 of 2nd period - Shot Blocked by Mark Giordano.
15:01 of 2nd period - Snap shot by Andreas Nodl.
15:01 of 2nd period - Stopped by Jonas Gustavsson without a rebound.
15:02 of 2nd period - Dave Steckel wins face-off versus Joe Thornton in Capitals zone.
15:07 of 2nd period - Wrist shot by Andreas Nodl.
15:07 of 2nd period - Stopped by Jonas Gustavsson without a rebound.
15:08 of 2nd period - Joe Thornton wins face-off versus Pavel Datsyuk in Capitals zone.
15:35 of 2nd period - Jarome Iginla is hit by Martin Havlat and loses puck.
15:44 of 2nd period - Slapshot by Erik Karlsson.
15:44 of 2nd period - Stopped by Rick DiPietro with a rebound.
16:18 of 2nd period - Wrist shot by Jeff Taffe.
16:18 of 2nd period - Shot Blocked by Tom Preissing.
16:20 of 2nd period - Slapshot by Jason Ward.
16:20 of 2nd period - Shot Misses the Net.
16:22 of 2nd period - Slapshot by Mike Lundin.
16:22 of 2nd period - Shot Misses the Net.
16:36 of 2nd period - Wrist shot by Patric Hornqvist.
16:36 of 2nd period - Deflect By Pavel Datsyuk.
16:36 of 2nd period - Shot Misses the Net.
16:36 of 2nd period - Puck is out of play.
16:37 of 2nd period - Pavel Datsyuk wins face-off versus Joe Thornton in Capitals zone.
16:40 of 2nd period - Backhand shot by David Booth.
16:40 of 2nd period - Shot Blocked by Erik Karlsson.
16:46 of 2nd period - Slapshot by Pavel Datsyuk.
16:46 of 2nd period - Shot Blocked by Chris Phillips.
17:08 of 2nd period - Snap shot by Patrick Marleau.
17:08 of 2nd period - Deflect By Ryan Callahan.
17:08 of 2nd period - Shot Misses the Net.
17:08 of 2nd period - Puck is out of play.
17:09 of 2nd period - Tyler Seguin wins face-off versus Jan Bulis in Blue Jackets zone.
17:56 of 2nd period - Joe Thornton is hit by François Beauchemin and loses puck.
18:40 of 2nd period - Icing by Jason Ward.
18:41 of 2nd period - Tyler Seguin wins face-off versus Cory Emmerton in Blue Jackets zone.
18:46 of 2nd period - Wrist shot by Ondrej Palat.
18:46 of 2nd period - Deflect By Branislav Mezei.
18:46 of 2nd period - Shot Misses the Net.
18:46 of 2nd period - Puck is out of play.
18:47 of 2nd period - Tyler Seguin wins face-off versus Pavel Datsyuk in Blue Jackets zone.
18:52 of 2nd period - Erik Karlsson is hit by Branislav Mezei.
18:56 of 2nd period - Slapshot by Chris Phillips.
18:56 of 2nd period - Stopped by Rick DiPietro with a rebound.
18:58 of 2nd period - Snap shot by Erik Karlsson.
18:58 of 2nd period - Stopped by Rick DiPietro with a rebound.
19:00 of 2nd period - Snap shot by Jarome Iginla.
19:00 of 2nd period - Goal by Jarome Iginla - Capitals : 2 - Blue Jackets : 2.
19:01 of 2nd period - Tyler Seguin wins face-off versus Pavel Datsyuk in neutral zone.
19:12 of 2nd period - Slapshot by Jarome Iginla.
19:12 of 2nd period - Stopped by Rick DiPietro without a rebound.
19:13 of 2nd period - Tyler Seguin wins face-off versus Pavel Datsyuk in Blue Jackets zone.
19:30 of 2nd period - Snap shot by Patric Hornqvist.
19:30 of 2nd period - Deflect By Pavel Datsyuk.
19:30 of 2nd period - Shot Blocked by Chris Phillips.
19:30 of 2nd period - Puck is out of play.
19:31 of 2nd period - Joe Thornton wins face-off versus Jan Bulis in Capitals zone.
Goals for this period are 1 for Capitals vs 1 for Blue Jackets.
Shots for this period are 13 for Capitals vs 4 for Blue Jackets.
3rd period
0:01 of 3rd period - Tyler Seguin wins face-off versus Pavel Datsyuk in neutral zone.
0:03 of 3rd period - Minor Penalty to Jarome Iginla for Interference.
0:04 of 3rd period - Pavel Datsyuk wins face-off versus Joe Thornton in Capitals zone.
0:06 of 3rd period - Wrist shot by David Booth.
0:06 of 3rd period - Shot Misses the Net.
0:08 of 3rd period - Slapshot by Pavel Datsyuk.
0:08 of 3rd period - Deflect By Patric Hornqvist.
0:08 of 3rd period - Shot Blocked by Chris Phillips.
0:08 of 3rd period - Puck is out of play.
0:09 of 3rd period - Joe Thornton wins face-off versus Pavel Datsyuk in Capitals zone.
0:18 of 3rd period - Chris Phillips is hit by Branislav Mezei and loses puck.
2:03 of 3rd period - Penalty to Jarome Iginla is over, Jarome Iginla is back on ice.
2:05 of 3rd period - Icing by Martin Havlat.
2:06 of 3rd period - Tyler Seguin wins face-off versus Jan Bulis in Blue Jackets zone.
2:25 of 3rd period - Wrist shot by Andreas Nodl.
2:25 of 3rd period - Stopped by Jonas Gustavsson without a rebound.
2:26 of 3rd period - Andreas Nodl wins face-off versus Erik Cole in Capitals zone.
2:29 of 3rd period - Wrist shot by Andreas Nodl.
2:29 of 3rd period - Shot Misses the Net.
2:37 of 3rd period - Wrist shot by Mike York.
2:37 of 3rd period - Stopped by Jonas Gustavsson with a rebound.
2:39 of 3rd period - Slapshot by A.J Thelen.
2:39 of 3rd period - Stopped by Jonas Gustavsson without a rebound.
2:40 of 3rd period - Tyler Seguin wins face-off versus Pavel Datsyuk in Capitals zone.
2:51 of 3rd period - Wrist shot by Jarome Iginla.
2:51 of 3rd period - Stopped by Rick DiPietro with a rebound.
3:16 of 3rd period - Snap shot by Martin Havlat.
3:16 of 3rd period - Goal by Martin Havlat - Capitals : 2 - Blue Jackets : 3.
3:17 of 3rd period - Jarome Iginla wins face-off versus Pavel Datsyuk in neutral zone.
3:26 of 3rd period - Slapshot by Patric Hornqvist.
3:26 of 3rd period - Stopped by Jonas Gustavsson with a rebound.
3:28 of 3rd period - Snap shot by Branislav Mezei.
3:28 of 3rd period - Deflect By Chris Phillips.
3:28 of 3rd period - Stopped by Jonas Gustavsson with a rebound.
3:30 of 3rd period - Wrist shot by Patric Hornqvist.
3:30 of 3rd period - Stopped by Jonas Gustavsson with a rebound.
3:32 of 3rd period - Slapshot by Mike Lundin.
3:32 of 3rd period - Shot Misses the Net.
3:34 of 3rd period - Snap shot by Patric Hornqvist.
3:34 of 3rd period - Stopped by Jonas Gustavsson with a rebound.
3:54 of 3rd period - Icing by Kevin Bieksa.
3:55 of 3rd period - Jan Bulis wins face-off versus Joe Thornton in Blue Jackets zone.
4:20 of 3rd period - Jan Bulis is hit by Erik Cole and loses puck.
4:37 of 3rd period - Wrist shot by Martin Havlat.
4:37 of 3rd period - Stopped by Jonas Gustavsson without a rebound.
4:38 of 3rd period - Tyler Seguin wins face-off versus Pavel Datsyuk in Capitals zone.
5:03 of 3rd period - Erik Karlsson is hit by Mike York and loses puck.
5:15 of 3rd period - Minor Penalty to Mike Lundin for Hooking.
5:16 of 3rd period - Tyler Seguin wins face-off versus Pavel Datsyuk in Blue Jackets zone.
5:47 of 3rd period - Slapshot by Marek Zidlicky.
5:47 of 3rd period - Stopped by Rick DiPietro with a rebound.
5:49 of 3rd period - Snap shot by Joe Thornton.
5:49 of 3rd period - Goal by Joe Thornton - Capitals : 3 - Blue Jackets : 3.
5:50 of 3rd period - Pavel Datsyuk wins face-off versus Tyler Seguin in neutral zone.
6:23 of 3rd period - Wrist shot by Marcus Nilson.
6:23 of 3rd period - Shot Blocked by Erik Karlsson.
6:25 of 3rd period - Wrist shot by Jan Bulis.
6:25 of 3rd period - Stopped by Jonas Gustavsson without a rebound.
6:26 of 3rd period - Tyler Seguin wins face-off versus Pavel Datsyuk in Capitals zone.
7:15 of 3rd period - Wrist shot by Andreas Nodl.
7:15 of 3rd period - Stopped by Jonas Gustavsson without a rebound.
7:16 of 3rd period - Pavel Datsyuk wins face-off versus Daniel Briere in Capitals zone.
8:05 of 3rd period - Wrist shot by Andreas Nodl.
8:05 of 3rd period - Stopped by Jonas Gustavsson without a rebound.
8:06 of 3rd period - Dave Steckel wins face-off versus Joe Thornton in Capitals zone.
8:27 of 3rd period - Minor Penalty to Patrick Marleau for Tripping.
8:28 of 3rd period - Joe Thornton wins face-off versus Pavel Datsyuk in Capitals zone.
8:37 of 3rd period - Snap shot by Pavel Datsyuk.
8:37 of 3rd period - Stopped by Jonas Gustavsson without a rebound.
8:38 of 3rd period - Pavel Datsyuk wins face-off versus Joe Thornton in Capitals zone.
9:07 of 3rd period - Slapshot by Pavel Datsyuk.
9:07 of 3rd period - Shot Misses the Net.
9:09 of 3rd period - Snap shot by Mike Lundin.
9:09 of 3rd period - Deflect By Patric Hornqvist.
9:09 of 3rd period - Stopped by Jonas Gustavsson without a rebound.
9:10 of 3rd period - Jan Bulis wins face-off versus Joe Thornton in Capitals zone.
9:19 of 3rd period - Slapshot by Marcus Nilson.
9:19 of 3rd period - Stopped by Jonas Gustavsson with a rebound.
9:21 of 3rd period - Slapshot by François Beauchemin.
9:21 of 3rd period - Goal by François Beauchemin - Capitals : 3 - Blue Jackets : 4.
9:22 of 3rd period - Tyler Seguin wins face-off versus Pavel Datsyuk in neutral zone.
9:29 of 3rd period - Snap shot by Jarome Iginla.
9:29 of 3rd period - Deflect By Tyler Seguin.
9:29 of 3rd period - Stopped by Rick DiPietro with a rebound.
9:31 of 3rd period - Snap shot by Tyler Seguin.
9:31 of 3rd period - Deflect By Ondrej Palat.
9:31 of 3rd period - Shot Misses the Net.
9:31 of 3rd period - Puck is out of play.
9:32 of 3rd period - Tyler Seguin wins face-off versus Pavel Datsyuk in Blue Jackets zone.
9:35 of 3rd period - Snap shot by Jarome Iginla.
9:35 of 3rd period - Shot Misses the Net.
9:39 of 3rd period - Wrist shot by Erik Karlsson.
9:39 of 3rd period - Stopped by Rick DiPietro with a rebound.
9:41 of 3rd period - Snap shot by Jarome Iginla.
9:41 of 3rd period - Stopped by Rick DiPietro without a rebound.
9:42 of 3rd period - David Booth wins face-off versus Tyler Seguin in Blue Jackets zone.
9:56 of 3rd period - Minor Penalty to Tyler Seguin for Tripping.
9:57 of 3rd period - Daniel Briere wins face-off versus Pavel Datsyuk in Capitals zone.
10:51 of 3rd period - David Booth is hit by Daniel Briere and loses puck.
11:25 of 3rd period - Icing by Pavel Datsyuk.
11:26 of 3rd period - Pavel Datsyuk wins face-off versus Jarome Iginla in Blue Jackets zone.
11:49 of 3rd period - Jarome Iginla is hit by Marcus Nilson and loses puck.
11:56 of 3rd period - Penalty to Tyler Seguin is over, Tyler Seguin is back on ice.
12:06 of 3rd period - Slapshot by Cory Emmerton.
12:06 of 3rd period - Shot Misses the Net.
12:09 of 3rd period - Icing by Chris Phillips.
12:10 of 3rd period - Cory Emmerton wins face-off versus Joe Thornton in Capitals zone.
12:15 of 3rd period - Wrist shot by Jeff Taffe.
12:15 of 3rd period - Shot Blocked by Daniel Briere.
12:33 of 3rd period - Snap shot by Cory Emmerton.
12:33 of 3rd period - Stopped by Jonas Gustavsson with a rebound.
12:45 of 3rd period - Snap shot by Cory Emmerton.
12:45 of 3rd period - Stopped by Jonas Gustavsson with a rebound.
13:01 of 3rd period - Backhand shot by Daniel Briere.
13:01 of 3rd period - Shot Misses the Net.
13:03 of 3rd period - Slapshot by Tyler Seguin.
13:03 of 3rd period - Stopped by Rick DiPietro with a rebound.
13:09 of 3rd period - Snap shot by Daniel Briere.
13:09 of 3rd period - Stopped by Rick DiPietro with a rebound.
13:11 of 3rd period - Snap shot by Zdeno Chara.
13:11 of 3rd period - Stopped by Rick DiPietro with a rebound.
13:13 of 3rd period - Snap shot by Tyler Seguin.
13:13 of 3rd period - Stopped by Rick DiPietro without a rebound.
13:14 of 3rd period - Brian Boyle wins face-off versus Pavel Datsyuk in Blue Jackets zone.
13:27 of 3rd period - Slapshot by Brian Boyle.
13:27 of 3rd period - Stopped by Rick DiPietro with a rebound.
13:29 of 3rd period - Snap shot by Brian Boyle.
13:29 of 3rd period - Stopped by Rick DiPietro without a rebound.
13:30 of 3rd period - Brian Boyle wins face-off versus Marcus Nilson in Blue Jackets zone.
13:43 of 3rd period - Wrist shot by Martin Havlat.
13:43 of 3rd period - Shot Misses the Net.
13:45 of 3rd period - Slapshot by Mike Lundin.
13:45 of 3rd period - Stopped by Jonas Gustavsson without a rebound.
13:46 of 3rd period - Tyler Seguin wins face-off versus Pavel Datsyuk in Capitals zone.
14:30 of 3rd period - Andreas Nodl is hit by Marek Zidlicky and loses puck.
14:52 of 3rd period - Dave Steckel is hit by Tyler Seguin.
15:23 of 3rd period - Off-side.
15:24 of 3rd period - Jan Bulis wins face-off versus Joe Thornton in neutral zone.
15:31 of 3rd period - Wrist shot by Martin Havlat.
15:31 of 3rd period - Stopped by Jonas Gustavsson with a rebound.
15:41 of 3rd period - Snap shot by Marcus Nilson.
15:41 of 3rd period - Stopped by Jonas Gustavsson with a rebound.
15:51 of 3rd period - Backhand shot by Marcus Nilson.
15:51 of 3rd period - Stopped by Jonas Gustavsson with a rebound.
16:01 of 3rd period - Snap shot by Joe Thornton.
16:01 of 3rd period - Goal by Joe Thornton - Capitals : 4 - Blue Jackets : 4.
16:02 of 3rd period - Daniel Briere wins face-off versus Dave Steckel in neutral zone.
16:15 of 3rd period - Slapshot by Shane Doan.
16:15 of 3rd period - Stopped by Rick DiPietro without a rebound.
16:16 of 3rd period - Daniel Briere wins face-off versus Dave Steckel in Blue Jackets zone.
16:21 of 3rd period - Wrist shot by Shane Doan.
16:21 of 3rd period - Stopped by Rick DiPietro with a rebound.
16:23 of 3rd period - Snap shot by Erik Karlsson.
16:23 of 3rd period - Stopped by Rick DiPietro with a rebound.
16:25 of 3rd period - Wrist shot by Shane Doan.
16:25 of 3rd period - Shot Blocked by Andreas Nodl.
16:27 of 3rd period - Snap shot by Shane Doan.
16:27 of 3rd period - Stopped by Rick DiPietro with a rebound.
17:09 of 3rd period - Martin Havlat is hit by Ryan Callahan and loses puck.
18:23 of 3rd period - Snap shot by Martin Havlat.
18:23 of 3rd period - Stopped by Jonas Gustavsson without a rebound.
18:24 of 3rd period - Daniel Briere wins face-off versus Pavel Datsyuk in Capitals zone.
18:29 of 3rd period - Slapshot by Tom Preissing.
18:29 of 3rd period - Stopped by Rick DiPietro with a rebound.
18:31 of 3rd period - Slapshot by Tom Preissing.
18:31 of 3rd period - Shot Misses the Net.
18:33 of 3rd period - Slapshot by Mark Giordano.
18:33 of 3rd period - Stopped by Rick DiPietro with a rebound.
18:56 of 3rd period - Snap shot by Ondrej Palat.
18:56 of 3rd period - Stopped by Rick DiPietro with a rebound.
Goals for this period are 2 for Capitals vs 2 for Blue Jackets.
Shots for this period are 20 for Capitals vs 23 for Blue Jackets.
Overtime #1
0:01 of 1st overtime period - Joe Thornton wins face-off versus Pavel Datsyuk in neutral zone.
1:17 of 1st overtime period - Slapshot by Mike York.
1:17 of 1st overtime period - Shot Hit the Post.
1:57 of 1st overtime period - Icing by François Beauchemin.
1:58 of 1st overtime period - Jeff Taffe wins face-off versus Ryan Callahan in Blue Jackets zone.
2:41 of 1st overtime period - Dave Steckel is hit by Jarome Iginla and loses puck.
3:08 of 1st overtime period - Daniel Briere is hit by Martin Havlat and loses puck.
3:56 of 1st overtime period - Jeff Taffe is hit by Ondrej Palat and loses puck.
4:44 of 1st overtime period - Chris Phillips is hit by Mike York and loses puck.
Goals for this period are 0 for Capitals vs 0 for Blue Jackets.
Shots for this period are 0 for Capitals vs 0 for Blue Jackets.
ShootOut
5:00 of 1st overtime period - Penalty Shot by Joe Thornton for Capitals.
5:00 of 1st overtime period - Backhand shot by Joe Thornton.
5:00 of 1st overtime period - Stopped by Rick DiPietro.
5:00 of 1st overtime period - Penalty Shot by Pavel Datsyuk for Blue Jackets.
5:00 of 1st overtime period - Backhand shot by Pavel Datsyuk.
5:00 of 1st overtime period - Stopped by Jonas Gustavsson.
5:00 of 1st overtime period - Penalty Shot by Daniel Briere for Capitals.
5:00 of 1st overtime period - Snap shot by Daniel Briere.
5:00 of 1st overtime period - Goal by Daniel Briere.
5:00 of 1st overtime period - Penalty Shot by Patric Hornqvist for Blue Jackets.
5:00 of 1st overtime period - Snap shot by Patric Hornqvist.
5:00 of 1st overtime period - Shot Misses the Net.
5:00 of 1st overtime period - Penalty Shot by Jarome Iginla for Capitals.
5:00 of 1st overtime period - Deke by Jarome Iginla.
5:00 of 1st overtime period - Stopped by Rick DiPietro.
5:00 of 1st overtime period - Penalty Shot by David Booth for Blue Jackets.
5:00 of 1st overtime period - Wrist shot by David Booth.
5:00 of 1st overtime period - Stopped by Jonas Gustavsson.
Back to the Top